 Dungeon Crawl Stone Soup version 0.15-a0-462-gf669498 (console) character file.

82940 TwoHeadedOgre the Shatterer (level 15, -20/170 HPs)
             Began as an Ogre Berserker on May 6, 2014.
             Was a High Priest of Trog.
             Hit by a large rock thrown by a stone giant (42 damage)
             ... on Level 1 of the Depths on May 7, 2014.
             The game lasted 01:50:03 (11879 turns).

TwoHeadedOgre the Shatterer (Ogre Berserker)       Turns: 11879, Time: 01:50:03

HP -20/170       AC  7     Str 29      XL: 15   Next: 74%
MP  15/15        EV 19     Int  9      God: Trog [*****.]
Gold 159         SH  0     Dex 15      Spells:  0 memorised, 14 levels left

rFire  . . .     SeeInvis .     J - +2,+6 giant spiked club "Aduan" {freeze, Str+3}
rCold  + . .     Clarity  +     j - +1 robe of the Jolly Realms {rElec rC+ Stlth++}
rNeg   . . .     Conserve .     (shield restricted)
rPois  .         rCorr    .     (helmet restricted)
rElec  +         rRot     .     s - +2 cloak
SustAb . .       Spirit   .     (gloves unavailable)
rMut   .         Warding  .     (boots unavailable)
Saprov + . .     Stasis   .     K - amulet of clarity
MR     +....                    U - ring of Jaleof {Dex+4 Stlth+}
                                h - +5,+4 ring of slaying

@: somewhat resistant to hostile enchantments, stealthy
A: unfitting armour, fast metabolism 1, saprovore 1, tough skin 1
a: Burn Spellbooks, Berserk, Trog's Hand, Brothers in Arms, Renounce Religion


You were on level 1 of the Depths.
You worshipped Trog.
Trog was extremely pleased with you.
You were hungry.

You visited 6 branches of the dungeon, and saw 32 of its levels.
You also visited: Ossuary and Ice Cave.

You collected 1939 gold pieces.
You spent 1780 gold pieces at shops.

Inventory:

Hand weapons
 b - a +2,+6 giant spiked club of crushing
 u - a cursed +0 blowgun
 v - the +3,+5 giant spiked club of Courage {drain, rF+ rN+}
   (Trog gifted it to you on level 5 of the Lair of Beasts)

   A truly terrible weapon, it drains the life of those it strikes.
   It protects you from fire.
   It protects you from negative energy.
 J - the +2,+6 giant spiked club "Aduan" (weapon) {freeze, Str+3}
   (Trog gifted it to you on level 4 of the Lair of Beasts)

   It has been specially enchanted to freeze those struck by it, causing extra
   injury to most foes and up to double damage against particularly susceptible
   opponents.
   It can also slow down cold-blooded creatures.
   It affects your strength (+3).
Missiles
 e - 3 large rocks (quivered)
 f - 6 throwing nets
 y - 2 javelins of penetration
Armour
 j - the +1 robe of the Jolly Realms (worn) {rElec rC+ Stlth++}
   (You acquired it on level 12 of the Dungeon)

   It protects you from cold.
   It insulates you from electricity.
   It makes you much more stealthy.
 s - a +2 cloak (worn)
Magical devices
 m - a wand of disintegration (8)
 B - a wand of invisibility (2)
 F - a wand of invisibility (6)
 L - a wand of heal wounds (6)
Comestibles
 a - 3 bread rations
 c - 4 meat rations
 k - 7 chunks of deep troll flesh
Scrolls
 d - 5 scrolls of magic mapping
 g - 4 scrolls of remove curse
 l - 9 scrolls of teleportation
 o - 5 scrolls of fog
 q - a scroll of enchant armour {unknown}
 r - 5 scrolls of blinking
 t - 2 scrolls of recharging
 w - a scroll of silence
 x - a scroll of summoning
 X - a scroll of holy word
Jewellery
 h - a +5,+4 ring of slaying (left hand)
 n - an uncursed ring of poison resistance
 A - an uncursed ring of flight
 C - a cursed ring of protection from fire
 E - an uncursed ring of see invisible
 H - an uncursed amulet of resist mutation
 K - an amulet of clarity (around neck)
 O - an uncursed ring of protection from fire
 U - the ring of Jaleof (right hand) {Dex+4 Stlth+}
   (You found it on level 8 of the Lair of Beasts)

   [ring of dexterity]

   It affects your dexterity (+4).
   It makes you more stealthy.
 Y - a cursed amulet of stasis
Potions
 i - a potion of porridge
 p - 6 potions of curing
 z - 2 potions of cure mutation {unknown}
 I - 5 potions of restore abilities {unknown}
 M - 2 potions of invisibility {unknown}
 P - 2 potions of might
 Q - 3 potions of agility
 R - 5 potions of flight
 S - 6 potions of heal wounds
 V - a potion of resistance
 W - a potion of haste


   Skills:
 * Level 16.0 Fighting
 + Level 21.4 Maces & Flails
 - Level 6.5 Throwing
 - Level 14.3 Dodging


You had 14 spell levels left.
You didn't know any spells.

Dungeon Overview and Level Annotations

Branches:
Dungeon (15/15)            Temple (0/1) D:7             Orc (4/4) D:10
    Elf (0/3) Orc:4          Lair (8/8) D:9          Shoals (1/5) Lair:5
  Snake (3/5) Lair:3        Slime (0/6) Lair:8       Vaults (0/5) D:13
 Depths (1/5) D:15

Altars:
Ashenzari
Kikubaaqudgha
Makhleb
Sif Muna
Trog
The Shining One
Jiyva

Shops:
D:15 ?   Orc:1 :   Orc:3 [   Orc:4 *?}[

Portals:
Abyss: Depths:1

Annotations:
Shoals:1 Kirke
Snake:2 Rupert


Innate Abilities, Weirdness & Mutations

You are too large for most types of armour.
You have a fast metabolism.
You can tolerate rotten meat.
You have tough skin (AC +1).


Message History

You offer a prayer to Trog.
The deep troll corpse is consumed in a column of flame.
Trog is extremely pleased with you.
Your troll is no longer berserk.
The stone giant throws a large rock.
The large rock hits you!
* * * LOW HITPOINT WARNING * * *
You feel the effects of Trog's Hand fading.
The stone giant throws a large rock.
The large rock hits you!
* * * LOW HITPOINT WARNING * * *
You see here a large rock.
Your troll disappears in a puff of smoke!
The stone giant throws a large rock.
The large rock completely misses you.
You see here a giant spiked club.
Your skin stops crawling.
You feel less resistant to hostile enchantments.
The stone giant throws a large rock.
The large rock completely misses you.
You see here a large rock.
There is a staircase back to the Dungeon, spattered with blood here.
The stone giant throws a large rock.
The large rock hits you!
You die...

####### #####
...###.....#########.....
........(.∩##...#.........
............)..............
..........)@(...............
...........)................
.........................# .
.........[.......C......# #
...(...................#
....................#####
.....(..............##...
(..................)##(..
...(................#...


You could see a stone giant.

Vanquished Creatures
  A lich (Depths:1)
  Donald (Snake:1)
  An orc warlord (Orc:4)
  Azrael (Snake:1)
  4 vault guards (D:13)
  Snorg (Snake:2)
  5 dire elephants (Lair:8)
  Harold (Orc:4)
  A naga warrior (Snake:3)
  2 anacondas
  Nessos (D:13)
  3 hydras
  2 ice dragons (IceCv)
  The ghost of Herrn the Grappler, a powerful VSMo (IceCv)
  Erica (Lair:4)
  A fire dragon (Depths:1)
  An ogre mage (Depths:1)
  2 tengu warriors
  A centaur warrior (D:13)
  6 death yaks (Lair:8)
  2 skeletal warriors (D:15)
  A salamander mystic (Snake:3)
  A deep troll (Depths:1)
  2 ice statues (IceCv)
  2 flayed ghosts
  Pikel (D:7)
  2 mana vipers
  3 hill giants (D:11)
  A wizard (Depths:1)
  4 unseen horrors
  A stone giant zombie (D:15)
  A fire giant zombie (D:15)
  A wolf spider (D:13)
  4 griffons
  13 slime creatures
  2 cyclopes
  3 manticores (D:15)
  2 orc knights (Orc:4)
  A necromancer (D:15)
  9 black mambas
  7 spiny frogs
  3 komodo dragons
  Psyche (Orc:4)
  A feature mimic (D:15)
  4 naga magi
  An item mimic (D:11)
  9 elephants
  A hydra zombie (D:13)
  A troll (Orc:3)
  A death yak skeleton (D:15)
  A centaur skeleton (D:15)
  3 fire drakes
  A tengu conjurer (Depths:1)
  10 blink frogs
  3 two-headed ogres
  3 ravens
  A polar bear (Lair:4)
  A fire dragon zombie (D:15)
  A boulder beetle (Lair:6)
  A water elemental (D:14)
  A yak (shapeshifter) (Depths:1)
  2 wyverns
  2 basilisks
  A shark (Lair:1)
  22 yaks
  A hungry ghost (D:10)
  2 fire elementals (Snake:1)
  6 hippogriffs
  5 wolves (Lair:4)
  6 vampire mosquitoes (D:15)
  A hill giant skeleton (D:10)
  3 hogs (Shoals:1)
  3 hell hounds (Snake:1)
  A warg (Orc:4)
  8 nagas
  3 sky beasts
  A human zombie (Depths:1)
  3 porcupines
  11 water moccasins
  21 ice beasts
  29 orc warriors
  2 slaves (D:7)
  A boring beetle (Lair:5)
  12 centaurs
  3 ogres
  Sigmund (D:7)
  3 big kobolds
  6 crocodiles
  11 giant frogs
  6 giant slugs
  Blork the orc (D:4)
  3 water moccasin zombies (Ossuary)
  A wyvern zombie (D:14)
  A killer bee (D:7)
  3 jellies
  3 wights (D:10)
  A troll skeleton (D:7)
  4 goliath beetles
  2 crimson imps
  A big fish (Lair:1)
  4 hounds
  A two-headed ogre zombie (Depths:1)
  6 iguanas
  Crazy Yiuf (D:3)
  12 orc priests
  2 giant frog skeletons
  11 orc wizards
  6 worker ants
  An ogre zombie (Depths:1)
  11 sheep
  5 big kobold zombies (Ossuary)
  5 mummies
  16 adders
  53 green rats
  A shadow imp (D:5)
  5 worms
  12 white imps (D:12)
  3 giant mites
  4 adder zombies (Ossuary)
  A giant eyeball (Depths:1)
  4 giant geckos
  75 orcs
  27 bats
  3 giant cockroaches
  2 gnoll zombies (Ossuary)
  11 hobgoblins
  20 kobolds
  11 quokkas
  2 ball pythons
  A giant gecko skeleton (D:5)
  5 giant newts
  2 giant spores
  10 goblins
  A hobgoblin skeleton (D:6)
  5 hobgoblin zombies
  9 jackals
  5 kobold zombies (Ossuary)
  9 orc zombies (Ossuary)
  A quokka skeleton (D:5)
  15 rats
  5 ballistomycetes
  A fungus (D:3)
  2 plants (Lair:8)
730 creatures vanquished.

Vanquished Creatures (collateral kills)
  Aizul (Snake:2)
  2 deep troll shamans (Depths:1)
  The ghost of zhaba the Basher, an experienced LOAK of Lugonu (Lair:1)
  A deep troll (Depths:1)
  A naga mage (Snake:3)
  A yaktaur (Depths:1)
  A naga (Snake:3)
  A big kobold (D:7)
  3 killer bees (D:7)
  2 worker ants (D:7)
  A giant gecko (D:7)
  6 kobolds (D:7)
21 creatures vanquished.

Vanquished Creatures (others)
  A wizard (D:14)
  A two-headed ogre (Snake:3)
  A porcupine (Lair:6)
  A green rat (Lair:8)
  A giant spore (D:8)
  9 fungi
  7 plants
21 creatures vanquished.

Grand Total: 772 creatures vanquished

Notes
Turn   | Place    | Note
--------------------------------------------------------------
     0 | D:1      | TwoHeadedOgre, the Ogre Berserker, began the quest for the Orb.
     0 | D:1      | Reached XP level 1. HP: 24/24 MP: 1/1
     1 | D:1      | Noticed a spriggan
     1 | D:1      | Noticed an octopode
     3 | D:1      | Noticed a spriggan
     3 | D:1      | Noticed a vampire
     5 | D:1      | Noticed a draconian
     6 | D:1      | Noticed a spriggan
     7 | D:1      | Noticed a draconian
     8 | D:1      | Noticed a draconian
    10 | D:1      | Noticed a human
    12 | D:1      | Noticed a vine stalker
    13 | D:1      | Noticed a human
    16 | D:1      | Noticed an ogre
    16 | D:1      | Noticed an octopode
    16 | D:1      | Noticed a felid
    18 | D:1      | Noticed a troll
    19 | D:1      | Noticed a vine stalker
   109 | D:2      | Reached skill level 5 in Maces & Flails
   109 | D:2      | Reached XP level 2. HP: 14/32 MP: 2/2
   224 | D:1      | Reached XP level 3. HP: 20/39 MP: 3/3
   368 | D:2      | Acquired Trog's second power
   556 | D:3      | Reached skill level 6 in Maces & Flails
   652 | D:2      | Reached XP level 4. HP: 45/48 MP: 4/4
   812 | D:3      | Noticed Crazy Yiuf
   820 | D:3      | Killed Crazy Yiuf
   820 | D:3      | Reached skill level 7 in Maces & Flails
   914 | D:4      | Noticed Blork the orc
   923 | D:4      | Killed Blork the orc
   923 | D:4      | Reached skill level 8 in Maces & Flails
   923 | D:4      | Reached XP level 5. HP: 54/54 MP: 5/5
  1082 | D:4      | Reached XP level 6. HP: 62/62 MP: 6/6
  1147 | D:5      | Entered Level 5 of the Dungeon
  1208 | D:3      | Acquired Trog's third power
  1272 | D:5      | Reached skill level 9 in Maces & Flails
  1291 | D:5      | Reached skill level 10 in Maces & Flails
  1291 | D:5      | Reached XP level 7. HP: 58/70 MP: 7/7
  1411 | D:5      | Reached skill level 11 in Maces & Flails
  1451 | D:5      | Found a sand-covered staircase.
  1459 | Ossuary  | Entered an ossuary
  1558 | Ossuary  | Reached skill level 5 in Fighting
  1558 | Ossuary  | Reached XP level 8. HP: 45/80 MP: 8/8
  1988 | D:6      | Reached skill level 12 in Maces & Flails
  2157 | D:7      | Reached XP level 9. HP: 82/97 MP: 9/9
  2243 | D:7      | Found a burning altar of Makhleb.
  2246 | D:7      | Found a glowing golden altar of the Shining One.
  2256 | D:7      | Found an ancient bone altar of Kikubaaqudgha.
  2261 | D:7      | Found a deep blue altar of Sif Muna.
  2363 | D:7      | Found a staircase to the Ecumenical Temple.
  2402 | D:6      | Reached skill level 10 in Fighting
  2621 | D:7      | Noticed Sigmund
  2634 | D:7      | Killed Sigmund
  2663 | D:7      | Noticed Pikel
  2680 | D:7      | Killed Pikel
  2680 | D:7      | Reached skill level 13 in Maces & Flails
  3176 | D:9      | Found a staircase to the Lair.
  3189 | Lair:1   | Entered Level 1 of the Lair of Beasts
  3253 | Lair:1   | Reached XP level 10. HP: 67/115 MP: 10/10
  3264 | Lair:1   | Noticed zhaba's ghost (experienced LOAK)
  3270 | Lair:1   | Killed zhaba's ghost
  3372 | Lair:2   | Noticed a black mamba
  3377 | Lair:2   | Killed a black mamba
  3566 | Lair:2   | Noticed a black mamba
  3571 | Lair:2   | Killed a black mamba
  3571 | Lair:2   | Reached skill level 14 in Maces & Flails
  3737 | Lair:1   | Received a gift from Trog
  3738 | Lair:1   | Got a crystal giant club {god gift}
  3739 | Lair:1   | Identified the +1,+6 giant club of the Pillar {crush, Noisy} (Trog gifted it to you on level 1 of the Lair of Beasts)
  3967 | Lair:3   | Reached skill level 15 in Maces & Flails
  3968 | Lair:3   | Found a staircase to the Snake Pit.
  3991 | Lair:3   | Reached XP level 11. HP: 39/130 MP: 11/11
  4105 | Lair:4   | Noticed Erica
  4118 | Lair:4   | Killed Erica
  4118 | Lair:4   | Reached skill level 16 in Maces & Flails
  4425 | Lair:4   | Reached skill level 17 in Maces & Flails
  4523 | Lair:5   | Found a staircase to the Shoals.
  4656 | Lair:5   | Received a gift from Trog
  4675 | Lair:5   | Got a polished giant spiked club {god gift}
  4676 | Lair:5   | Identified the +3,+5 giant spiked club of Courage {drain, rF+ rN+} (Trog gifted it to you on level 5 of the Lair of Beasts)
  4733 | Lair:6   | Found a shattered altar of Ashenzari.
  4768 | Lair:6   | Noticed a seven-headed hydra
  4769 | Lair:6   | Reached skill level 15 in Fighting
  4777 | Lair:6   | Killed a seven-headed hydra
  4777 | Lair:6   | Reached skill level 18 in Maces & Flails
  4777 | Lair:6   | Reached XP level 12. HP: 10/141 MP: 12/12
  5045 | Lair:6   | Got a ripped robe
  5051 | Lair:6   | Identified the +2 robe of Indemnity {rElec rN+} (You found it on level 6 of the Lair of Beasts)
  5169 | Lair:6   | Got a transparent great sword
  5170 | Lair:6   | Identified the +7,+7 great sword "Phui" {holy, MR++ Str-1 Dex+4} (You found it on level 6 of the Lair of Beasts)
  5464 | Lair:7   | Reached skill level 5 in Dodging
  5503 | Lair:8   | Entered Level 8 of the Lair of Beasts
  5503 | Lair:8   | Found a viscous altar of Jiyva.
  5503 | Lair:8   | Found a staircase to the Slime Pits.
  5510 | Lair:8   | Reached skill level 19 in Maces & Flails
  5572 | Lair:7   | Received a gift from Trog
  5713 | Lair:8   | PAKLEF destroyed
  5849 | Lair:8   | Noticed an anaconda
  5855 | Lair:8   | Killed an anaconda
  5866 | Lair:8   | Noticed a dire elephant
  5866 | Lair:8   | Noticed a dire elephant
  5877 | Lair:8   | Killed a dire elephant
  5882 | Lair:8   | Killed a dire elephant
  5917 | Lair:8   | Got a transparent bronze ring
  5919 | Lair:8   | Identified the ring of Jaleof {Dex+4 Stlth+} (You found it on level 8 of the Lair of Beasts)
  5932 | Lair:8   | Noticed a dire elephant
  5937 | Lair:8   | Killed a dire elephant
  6003 | Lair:8   | Noticed a dire elephant
  6014 | Lair:8   | Killed a dire elephant
  6014 | Lair:8   | Reached XP level 13. HP: 57/149 MP: 13/13
  6042 | Lair:8   | Noticed a dire elephant
  6059 | Lair:8   | Killed a dire elephant
  6129 | Lair:8   | Reached skill level 10 in Dodging
  6281 | Lair:8   | Noticed an eight-headed hydra
  6346 | Lair:8   | Noticed an eight-headed hydra
  6357 | Lair:8   | Killed an eight-headed hydra
  6369 | Lair:8   | Killed an eight-headed hydra
  6501 | Shoals:1 | Entered Level 1 of the Shoals
  6505 | Shoals:1 | Noticed Kirke
  6518 | Shoals:1 | Noticed a sphinx
  6521 | Shoals:1 | Noticed a sphinx
  6570 | Lair:4   | Received a gift from Trog
  6582 | Lair:4   | Got a jewelled giant spiked club {god gift}
  6593 | Lair:4   | Identified the +2,+6 giant spiked club "Aduan" {freeze, Str+3} (Trog gifted it to you on level 4 of the Lair of Beasts)
  6680 | Snake:1  | Entered Level 1 of the Snake Pit
  6719 | Snake:1  | Noticed Donald
  6735 | Snake:1  | Killed Donald
  7000 | Snake:1  | Noticed Azrael
  7013 | Snake:1  | Killed Azrael
  7103 | Snake:2  | Noticed Aizul
  7114 | Snake:2  | Killed Aizul
  7114 | Snake:2  | Reached XP level 14. HP: 109/159 MP: 14/14
  7174 | Snake:2  | Noticed Snorg
  7181 | Snake:2  | Killed Snorg
  7252 | Snake:3  | Reached skill level 1 in Throwing
  7340 | Snake:2  | Noticed Rupert
  7439 | Lair:1   | Noticed a black mamba
  7440 | Lair:1   | Killed a black mamba
  7531 | D:10     | Entered Level 10 of the Dungeon
  7553 | D:10     | Found a staircase to the Orcish Mines.
  7996 | D:11     | Reached skill level 5 in Throwing
  8046 | D:10     | Reached skill level 20 in Maces & Flails
  8113 | Orc:1    | Entered Level 1 of the Orcish Mines
  8113 | Orc:1    | Found Chiweudy's Book Shoppe.
  8298 | Orc:3    | Found Choh's Antique Armour Boutique.
  8338 | Orc:4    | Entered Level 4 of the Orcish Mines
  8340 | Orc:4    | Noticed an orc warlord
  8358 | Orc:4    | Killed an orc warlord
  8444 | Orc:4    | Noticed Harold
  8464 | Orc:4    | Killed Harold
  8509 | Orc:4    | Found a staircase to the Elven Halls.
  8533 | Orc:4    | Noticed Psyche
  8536 | Orc:4    | Killed Psyche
  8858 | Orc:4    | Received a gift from Trog
  8937 | Orc:4    | Found Atiojiy's Gadget Shoppe.
  8937 | Orc:4    | Found Fracs' Magic Scroll Shop.
  8940 | Orc:4    | Found Ducusad's Armour Emporium.
  8942 | Orc:4    | Found Oseas' Assorted Antiques.
  8953 | Orc:4    | Bought a wand of disintegration (8) for 156 gold pieces
  8955 | Orc:4    | Bought a scroll of identify for 26 gold pieces
  8955 | Orc:4    | Bought a scroll of identify for 26 gold pieces
  8955 | Orc:4    | Bought a scroll of identify for 26 gold pieces
  8955 | Orc:4    | Bought a scroll of magic mapping for 45 gold pieces
  8955 | Orc:4    | Bought a scroll of blinking for 97 gold pieces
  8955 | Orc:4    | Bought a scroll of recharging for 123 gold pieces
  8955 | Orc:4    | Bought a scroll of identify for 26 gold pieces
  8955 | Orc:4    | Bought a scroll of teleportation for 39 gold pieces
  8955 | Orc:4    | Bought a scroll of silence for 97 gold pieces
  8955 | Orc:4    | Bought a scroll of summoning for 123 gold pieces
  8958 | Orc:4    | Bought a scroll of enchant weapon II for 154 gold pieces
  8958 | Orc:4    | Bought a scroll of magic mapping for 98 gold pieces
  8958 | Orc:4    | Bought a scroll labeled PNUQUH PYEJOT for 28 gold pieces
  8958 | Orc:4    | Bought a potion of curing for 56 gold pieces
  9097 | D:9      | PAICU destroyed
  9162 | D:10     | Got a smoking short sword
  9163 | D:10     | Identified the cursed -1,+0 short sword of Cheibriados' Regard {flame, rElec rF+ rC++ Int+2} (You found it on level 10 of the Dungeon)
  9508 | D:13     | Found a gate to the Vaults.
  9645 | D:12     | Received a gift from Trog
  9647 | D:12     | Got an iridescent giant club {god gift}
  9648 | D:12     | Identified the +4,+5 giant club "Phebasuv" {freeze, rPois} (Trog gifted it to you on level 12 of the Dungeon)
  9700 | D:12     | Got a sheer robe
  9706 | D:12     | Identified the +1 robe of the Jolly Realms {rElec rC+ Stlth++} (You acquired it on level 12 of the Dungeon)
  9769 | D:12     | Found a frozen archway.
  9820 | IceCv    | Entered an ice cave
  9886 | IceCv    | Noticed Herrn's ghost (powerful VSMo)
  9897 | IceCv    | Killed Herrn's ghost
 10042 | IceCv    | Reached XP level 15. HP: 113/167 MP: 15/15
 10337 | D:13     | Noticed Nessos
 10368 | D:13     | Killed Nessos
 10752 | D:14     | Found a bloodstained altar of Trog.
 10826 | D:15     | Entered Level 15 of the Dungeon
 10948 | D:15     | Found Quaceum's Magic Scroll Shoppe.
 10952 | D:15     | Bought a scroll of teleportation for 60 gold pieces
 10952 | D:15     | Bought a scroll of fog for 40 gold pieces
 10952 | D:15     | Bought a scroll of enchant weapon II for 110 gold pieces
 10952 | D:15     | Bought a scroll of magic mapping for 70 gold pieces
 10952 | D:15     | Bought a scroll of teleportation for 60 gold pieces
 10952 | D:15     | Bought a scroll of holy word for 150 gold pieces
 10952 | D:15     | Bought a scroll of identify for 40 gold pieces
 10952 | D:15     | Bought a scroll of teleportation for 60 gold pieces
 10952 | D:15     | Bought a scroll of amnesia for 70 gold pieces
 11003 | D:15     | Found a staircase to the Depths.
 11031 | D:15     | Reached skill level 21 in Maces & Flails
 11348 | D:14     | Received a gift from Trog
 11484 | Depths:1 | Entered Level 1 of the Depths
 11484 | Depths:1 | Found a one-way gate to the infinite horrors of the Abyss.
 11503 | Depths:1 | Noticed a lich
 11505 | Depths:1 | Noticed a Brimstone Fiend
 11674 | Depths:1 | Noticed a Hell Sentinel
 11678 | Depths:1 | Killed a lich
 11879 | Depths:1 | Hit by a large rock thrown by a stone giant

Action                   |  1- 3 |  4- 6 |  7- 9 | 10-12 | 13-15 || total
-------------------------+-------+-------+-------+-------+-------++-------
Melee: Mace              |   105 |    34 |       |       |       ||   139
       Dire flail        |       |    64 |   326 |   119 |       ||   509
       Giant club        |       |       |       |    26 |       ||    26
       Morningstar       |       |       |       |   145 |       ||   145
       Giant spiked club |       |       |       |   189 |   805 ||   994
       Unarmed           |       |       |       |    17 |       ||    17
       Staff             |       |       |       |     8 |       ||     8
Throw: Javelin           |       |       |       |       |    20 ||    20
       Large rock        |       |       |       |       |    24 ||    24
Invok: Berserk           |     1 |     4 |    10 |    10 |    14 ||    39
       Trog's Hand       |       |       |     1 |    14 |    31 ||    46
       Brothers in Arms  |       |       |     1 |     1 |     3 ||     5
Evoke: Wand              |       |       |     3 |     8 |    11 ||    22
  Use: Scroll            |       |     6 |     4 |     7 |    28 ||    45
       Potion            |       |       |       |       |     6 ||     6
 Stab: Sleeping          |       |     2 |       |       |    13 ||    15
       Fleeing           |       |       |       |     1 |       ||     1
       Distracted        |       |       |       |       |     2 ||     2
